 Dungeon Crawl Stone Soup version 0.31-a0-233-g139696dc86 (webtiles) character file.

Game seed: 2367206848265870557

156 protoss039 the Digger (level 5, 39/39 HPs)
             Began as a Demonspawn Earth Elementalist on July 9, 2023.
             Got out of the dungeon alive.
             The game lasted 00:03:15 (2210 turns).

protoss039 the Digger (DsEE)                        Turns: 2210, Time: 00:03:15

Health: 39/39      AC:  7    Str:  8    XL:     5   Next: 15%
Magic:  9/9        EV: 12    Int: 21    God:
Gold:   44         SH:  0    Dex: 19    Spells: 4/10 levels left

rFire   . . .        c - +0 dagger (venom)
rCold   . . .        (no shield)
rNeg    . . .        a - +0 robe
rPois   .            q - +1 helmet
rElec   .            (no cloak)
rCorr   .            p - +2 pair of gloves of Imiur {Int+3 Dex+5}
SInv    .            (no boots)
Will    .....        (no amulet)
Stlth   ++           (no ring)
HPRegen 0.26/turn    (no ring)
MPRegen 0.11/turn

%: no passive effects
@: no status effects
A: powered by pain 1, demonic magic 1
a: no special abilities


You escaped.
You visited 1 branch of the dungeon, and saw 2 of its levels.

You collected 134 gold pieces.
You spent 90 gold pieces at shops.

Inventory:

Hand Weapons
 c - a +0 dagger of venom (weapon)
Armour
 a - a +0 robe (worn)
 p - the +2 pair of gloves of Imiur (worn) {Int+3 Dex+5}
   (You found it on level 2 of the Dungeon)

   Int:       It affects your intelligence (+3).
   Dex:       It affects your dexterity (+5).
 q - a +1 helmet (worn)
Magical Staves
 m - a staff of earth
Jewellery
 f - an amulet of faith
Scrolls
 d - 2 scrolls of amnesia
 e - a scroll of noise {unknown}
 h - 2 scrolls of vulnerability
 i - a scroll of revelation {unknown}
 j - a scroll of brand weapon {unknown}
 k - 7 scrolls of teleportation
 n - a scroll of poison {unknown}
 s - a scroll of enchant armour
Potions
 b - a potion of magic
 g - a potion of invisibility {unknown}
 l - a potion of attraction {unknown}
 o - a potion of haste {unknown}
 r - a potion of curing {unknown}


   Skills:
 + Level 2.7 Fighting
 - Level 1.7 Dodging
 - Level 1.7 Stealth
 + Level 3.2 Spellcasting
 - Level 0.8 Transmutations
 + Level 3.7 Earth Magic


You had 4 spell levels left.
You knew the following spells:

 Your Spells              Type           Power      Damage    Failure   Level
a - Sandblast             Erth           38%        2d10      2%          1
b - Passwall              Tmut/Erth      10%        N/A       8%          2
c - Stone Arrow           Conj/Erth      22%        3d8       19%         3

Your spell library contained the following spells:

 Spells                   Type           Power      Damage    Failure   Level
 Petrify                  Tmut/Erth      13%        N/A       45%         4
 Summon Lightning Spire   Summ/Air       3%         N/A       78%         4
 Summon Hydra             Summ           1%         N/A       100%        7
 Dragon's Call            Summ           1%         N/A       100%        9


Dungeon Overview and Level Annotations

Branches:
Dungeon (2/15) Zot: 9772

Altars:

Shops:
D:2 *=?


Innate Abilities, Weirdness & Mutations

You sometimes gain a little power by taking damage.
Spells you cast may paralyse adjacent enemies.


Message History

Aiming: Sandblast (safe; 2% risk of failure)
Press: ? - help, Shift-Dir - straight line, f - orc
Aim: an orc, wielding a +0 flail and wearing a +0 chain mail (87% to hit)
The blast of sand hits the orc but does no damage.
Malevolent energies surge around you.
The orc suddenly stops moving!
Unknown command.
The helpless orc fails to defend itself.
You hit the orc.
The orc is poisoned.
The orc is moderately wounded.
The helpless orc fails to defend itself.
You hit the orc but do no damage.
The orc looks as sick as possible!
The orc is almost dead.
You kill the orc!
You start resting.
You feel a little less agile now.
You start resting.
HP restored.
Unknown command.
Magic restored.
Items here: (( )))) [[ ††††.
Things that are here:
a +0 mace; a +0 mace; an orc corpse
There is an entrance to Qeshromy's Magic Scroll Boutique here.
t - a scroll of identify
k - 7 scrolls of teleportation (gained 1)
t - 2 scrolls of identify (gained 1);
t - 3 scrolls of identify (gained 1) Thank you for shopping at Qeshromy's Magic Scroll Boutique!
As you read the scroll of identify, it crumbles to dust.
h - 2 scrolls of vulnerability
As you read the scroll of identify, it crumbles to dust.
d - 2 scrolls of amnesia
As you read the scroll of identify, it crumbles to dust.
s - a scroll of enchant armour
There is a stone staircase leading up here.
You climb upwards.
There is a stone staircase leading down here.
You see here 7 stones.
There is a staircase leading out of the dungeon here.
Are you sure you want to leave the Dungeon?
This will make you lose the game!
You have escaped!

#.### #.# ##.##.... ###...# #.#
##.....#..
#.###.##########.#######..###...♣
.......#.................## #....
###.##...#######.######### #....
.....#.#.# #.# ###.. #.##...#.#
#.########### ##. ...#.#.#.#
#.##..).....# #. ##...#...#
#@##........# #. .#.#.#.###
####........#####. .).#...#
#............... .#.#.#.##
###.[.......###### ##...#..#
#.....####### ...#.#.##
#.....###### #.##...#
#.....#....# .....#.##
#.....#....# ###.##..#
###.###....#


There were no monsters in sight!

Vanquished Creatures
  An orc priest (D:2)
  Robin (D:2)
  3 adders (D:2)
  A worm (D:2)
  3 dart slugs
  4 orcs (D:2)
  6 endoplasms (D:1)
  A giant cockroach (D:1)
  9 goblins
  9 hobgoblins
  7 kobolds
  3 quokkas
  9 ball pythons
  5 bats
  5 frilled lizards
  6 rats
73 creatures vanquished.

Notes
Turn   | Place    | Note
-------+----------+-------------------------------------------
     0 | D:1      | protoss039 the Demonspawn Earth Elementalist began the
                  | quest for the Orb.
     0 | D:1      | Reached XP level 1. HP: 13/13 MP: 3/3
   127 | D:1      | Gained mutation: You sometimes gain a little power by
                  | taking damage. [demonic ancestry]
   127 | D:1      | Reached XP level 2. HP: 20/20 MP: 1/5
   226 | D:1      | Reached skill level 1 in Fighting
   716 | D:1      | Reached XP level 3. HP: 19/26 MP: 6/6
  1227 | D:1      | Learned a level 2 spell: Passwall
  1231 | D:1      | Learned a level 3 spell: Stone Arrow
  1422 | D:2      | Found Kiggutt's General Store.
  1500 | D:2      | Found Seh Den's Jewellery Boutique.
  1506 | D:2      | Identified the +2 pair of gloves of Imiur {Int+3 Dex+5}
  1577 | D:2      | Noticed Robin
  1579 | D:2      | Reached XP level 4. HP: 33/33 MP: 6/8
  1605 | D:2      | Killed Robin
  1785 | D:2      | Got the Annotations on Production
  2068 | D:2      | Found Qeshromy's Magic Scroll Boutique.
  2074 | D:2      | Gained mutation: Spells you cast may paralyse adjacent
                  | enemies. [demonic ancestry]
  2074 | D:2      | Reached XP level 5. HP: 23/39 MP: 5/9
  2157 | D:2      | Bought a scroll of identify for 20 gold pieces
  2157 | D:2      | Bought a scroll of teleportation for 30 gold pieces
  2157 | D:2      | Bought a scroll of identify for 20 gold pieces
  2157 | D:2      | Bought a scroll of identify for 20 gold pieces
  2210 | D:$      | Got out of the dungeon alive.

Illustrated notes

Levels and vault maps discovered:
D:1:      lemuel_arrival_cross, layout_basic,
          nicolae_concentric_dashed_squares_mild,
          nicolae_kite_square_tiling_tiny
D:2:      layout_loops_ring, serial_shops, shop, shop, shop_coins,
          kennysheep_generic_room_14, uniq_robin

Skill      XL: |  1  2  3  4 |
---------------+-------------+-----
Fighting       | 1 2 |  2.7
Earth Magic    | 3 |  3.7
Spellcasting   | 3 |  3.2
Dodging        | |  1.7
Stealth        | |  1.7
Transmutations | |  0.8

Action                     |  1- 3 |  4- 6 || total
---------------------------+-------+-------++-------
  Melee: Dagger            |   104 |    40 ||   144
   Cast: Sandblast         |    16 |    19 ||    35
    Use: Scroll            |       |     3 ||     3
   Stab: Distracted        |     1 |       ||     1
         Sleeping          |     7 |     3 ||    10
         Paralysed         |       |     2 ||     2
 Armour: Robe              |    29 |    17 ||    46
  Dodge: Dodged            |    64 |    21 ||    85

Table legend: (Time is in decaauts)
 A = Elapsed time spent in this place.
 B = Non-inter-level travel time spent in this place.
 C = Inter-level travel time spent in this place.
 D = Time resting spent in this place.
 E = Time spent auto-exploring this place.
 F = Levels seen in this place.
 G = Mean time per level.
                   A        B        C        D        E       F      G
               +--------+--------+--------+--------+--------+-----+--------+
         Total |   2227 |   2092 |    135 |    112 |   1526 |   2 | 1113.5 |
       Dungeon |   2227 |   2092 |    135 |    112 |   1526 |   2 | 1113.5 |
               +--------+--------+--------+--------+--------+-----+--------+

Top non-repeatable levels by time:
     D:1: 1270 daAuts
     D:2: 956 daAuts
